 Dungeon Crawl Stone Soup version 0.26-a0-642-g67e99244d3 (webtiles) character file.

Game seed: 7423631715858546562

405 DogServant the Shield-Bearer (level 6, -6/37 HPs)
             Began as a Gargoyle Fighter on Sept 23, 2020.
             Mangled by an ogre
             ... wielding a +0 giant club
              (19 damage)
             ... on level 4 of the Dungeon.
             The game lasted 00:04:42 (3164 turns).

DogServant the Shield-Bearer (Gargoyle Fighter)     Turns: 3164, Time: 00:04:43

Health: -6/37      AC: 13    Str: 21    XL:     6   Next: 87%
Magic:  6/6        EV:  7    Int:  8    God:
Gold:   149        SH: 11    Dex: 10    Spells: 5/5 levels left

rFire    . . .     SeeInvis .   a - +1 flail
rCold    . . .     Faith    .   c - +1 kite shield
rNeg     + . .     Spirit   .   b - +0 scale mail
rPois    ∞         Reflect  .   q - +0 helmet
rElec    +         Harm     .   (no cloak)
rCorr    .         Rampage  .   (no gloves)
MR       .....                  (no boots)
Stlth    ..........             (no amulet)
HPRegen  0.12/turn              (no ring)
MPRegen  0.10/turn              (no ring)

@: no status effects
A: negative energy resistance 1, electricity resistance, unbreathing,
petrification resistance, rot immunity, AC +4
a: no special abilities


You were on level 4 of the Dungeon.
You visited 1 branch of the dungeon, and saw 4 of its levels.

You collected 149 gold pieces.

Inventory:

Hand Weapons
 a - a +1 flail (weapon)
Armour
 b - a +0 scale mail (worn)
 c - a +1 kite shield (worn)
 q - a +0 helmet (worn)
Wands
 m - a wand of polymorph (10)
 o - a wand of digging (3)
Scrolls
 h - a scroll of immolation
 j - a scroll of remove curse
 k - a scroll of enchant armour
 p - a scroll of identify
 r - a scroll of fog
Potions
 d - a potion of invisibility
 e - 2 potions of lignification
 f - a potion of flight {unknown}
 g - 2 potions of degeneration
 i - 4 potions of curing
 l - a potion of haste
 n - a potion of stabbing {unknown}


   Skills:
 - Level 3.2 Fighting
 + Level 4.3 Maces & Flails
 + Level 5.4 Armour
 + Level 5.4 Shields


You had 5 spell levels left.
You didn't know any spells.
Your spell library was empty.

Dungeon Overview and Level Annotations

Branches:
Dungeon (4/15)
 Temple: D:4-7

Altars:
Uskayaw

Annotations:
D:4 1 runed translucent door, voshxx's ghost, novice OpIE


Innate Abilities, Weirdness & Mutations

You are resistant to torment.
Your stone body is resilient. (AC +4)
You are immune to poison.
You resist negative energy. (rN+)
You are resistant to electric shocks. (rElec)
You can survive without breathing.
You are immune to petrification.
You are immune to rotting.


Message History

You are too injured to fight recklessly!
You are too injured to fight recklessly!
You are too injured to fight recklessly!
You are too injured to fight recklessly!
You are too injured to fight recklessly!
You are too injured to fight recklessly!
You completely miss the ogre.
The ogre is severely wounded.
The ogre hits you but does no damage.
You hit the ogre.
The ogre is severely wounded.
The ogre closely misses you.
You closely miss the ogre.
The ogre is severely wounded.
The ogre barely misses you.
You barely miss the ogre.
The ogre is severely wounded.
The ogre hits you with a +0 giant club!!
Ouch! That really hurt!
You die...

####### ..
#......... #.§§#.#
.... ##.........
#.§W+.. ....#
#.......... #§§h#..
....##..........
######
.?...#..........
##. #.............
#.. #..O.........
##.. #..@........
#... . ##..########
##... #..#####..#
#.... #.......#.##
#.... .......))..#
#....
.#######...###
##... ####..## #...
##..####### ##..
######.......###...


You could see an ogre.

Vanquished Creatures
  Sigmund (D:2)
  A centaur skeleton (D:4)
  Natasha (D:3)
  Robin (D:2)
  A howler monkey skeleton (D:4)
  5 adders
  4 worms
  4 dart slugs
  A leopard gecko (D:2)
  8 orcs
  A ball python (D:1)
  5 bats
  5 giant cockroaches
  20 goblins
  7 hobgoblins
  14 jackals
  A quokka (D:2)
  A frilled lizard (D:3)
  4 kobolds
  8 rats
93 creatures vanquished.

Notes
Turn   | Place    | Note
-------+----------+-------------------------------------------
     0 | D:1      | DogServant the Gargoyle Fighter began the quest for the
                  | Orb.
     0 | D:1      | Reached XP level 1. HP: 14/14 MP: 1/1
   116 | D:1      | Reached XP level 2. HP: 17/19 MP: 2/2
   572 | D:2      | Reached XP level 3. HP: 13/23 MP: 3/3
   761 | D:2      | Noticed Sigmund
   773 | D:2      | Killed Sigmund
   773 | D:2      | Reached XP level 4. HP: 27/28 MP: 4/4
   773 | D:2      | Reached XP level 5. HP: 31/32 MP: 5/5
   812 | D:2      | Noticed Robin
  1264 | D:2      | Reached XP level 6. HP: 35/37 MP: 6/6
  1280 | D:2      | Killed Robin
  1287 | D:2      | Reached skill level 5 in Shields
  1575 | D:2      | Reached skill level 5 in Armour
  1658 | D:2      | Noticed a +0 dagger
  1658 | D:2      | Noticed a +0 dagger
  1659 | D:2      | Found a hide-covered altar of Uskayaw.
  2241 | D:3      | Noticed Natasha
  2272 | D:3      | Killed Natasha
  2891 | D:4      | Found a runed translucent door.
  2891 | D:4      | Noticed voshxx's ghost (novice OpIE)
  3164 | D:4      | Mangled by an ogre

Illustrated notes

Levels and vault maps discovered:
D:1:      psy_arrival_heroes, layout_basic
D:2:      minmay_razor_zed, layout_basic, dancing_weapons_uskayaw, uniq_robin,
          uniq_sigmund
D:3:      layout_basic, uniq_natasha
D:4:      layout_cave_pods, ebering_ghost_inner_flame, uniq_blork_the_orc

Skill      XL: |  1  2  3  4  5  6 |
---------------+-------------------+-----
Maces & Flails | 3 4 |  4.3
Armour         | 4 5 |  5.4
Shields        | 4 5 |  5.4
Fighting       | |  3.2

Action                   |  1- 3 |  4- 6 || total
-------------------------+-------+-------++-------
Melee: Flail             |    91 |   273 ||   364
  Use: Scroll            |     4 |     9 ||    13
       Potion            |     1 |       ||     1
Armor: Scale mail        |    45 |   188 ||   233
Dodge: Dodged            |    18 |   104 ||   122
Block: Kite shield       |    46 |   181 ||   227

Table legend: (Time is in decaauts)
 A = Elapsed time spent in this place.
 B = Non-inter-level travel time spent in this place.
 C = Inter-level travel time spent in this place.
 D = Time resting spent in this place.
 E = Time spent auto-exploring this place.
 F = Levels seen in this place.
 G = Mean time per level.
                   A        B        C        D        E       F      G
               +--------+--------+--------+--------+--------+-----+--------+
         Total |   3268 |   3185 |     83 |    443 |   1938 |   4 |  817.0 |
       Dungeon |   3268 |   3185 |     83 |    443 |   1938 |   4 |  817.0 |
               +--------+--------+--------+--------+--------+-----+--------+

Top non-repeatable levels by time:
     D:2: 1536 daAuts
     D:3: 893 daAuts
     D:1: 555 daAuts
     D:4: 283 daAuts
